 Dungeon Crawl Stone Soup version 0.26-a0-672-g1df16c3386 (console) character file.

Game seed: 14631985298823229584

116 om the Chopper (level 5, 0/46 HPs)
             Began as a Hill Orc Monk on Oct 19, 2020.
             Was a Believer of Beogh.
             Killed from afar by an orc wizard (9 damage)
             ... with a puff of frost
             ... on level 4 of the Dungeon.
             The game lasted 00:04:59 (3537 turns).

om the Chopper (Hill Orc Monk)                      Turns: 3537, Time: 00:05:00

Health: 0/46       AC:  6    Str: 15    XL:     5   Next: 1%
Magic:  5/5        EV: 12    Int: 10    God:    Beogh [**....]
Gold:   162        SH:  0    Dex: 13    Spells: 4/4 levels left

rFire    . . .     SeeInvis .   a - +0 hand axe
rCold    . . .     Faith    .   (no shield)
rNeg     . . .     Spirit   .   e - +0 ring mail
rPois    .         Reflect  .   (no helmet)
rElec    .         Harm     .   (no cloak)
rCorr    .         Rampage  .   s - +0 pair of gloves
MR       .....                  (no boots)
Stlth    +.........             (no amulet)
HPRegen  0.15/turn              (no ring)
MPRegen  0.09/turn              (no ring)

@: no status effects
A: no striking features
a: Smiting, Renounce Religion


You were on level 4 of the Dungeon.
You worshipped Beogh.
Beogh was pleased with you.
You visited 1 branch of the dungeon, and saw 4 of its levels.

You collected 162 gold pieces.

Inventory:

Hand Weapons
 a - a +0 hand axe (weapon)
Armour
 b - a +0 robe
 e - a +0 ring mail (worn)
 k - a +0 chain mail
 s - a +0 pair of gloves (worn)
Scrolls
 c - a scroll of enchant weapon {unknown}
 f - 4 scrolls of identify {unknown}
 g - 6 scrolls of remove curse {unknown}
 i - a scroll of teleportation {unknown}
 n - a scroll of magic mapping {unknown}
 p - a scroll of amnesia {unknown}
 r - a scroll of fear {unknown}
Potions
 d - a potion of might {unknown}
 h - a potion of invisibility {unknown}
 j - a potion of haste {unknown}
 l - a potion of lignification {unknown}
 m - a potion of degeneration {unknown}
 o - 2 potions of curing {unknown}
 q - a potion of ambrosia {unknown}
 t - a potion of heal wounds {unknown}
 u - a potion of flight


   Skills:
 - Level 4.0 Fighting
 * Level 5.7 Axes
 + Level 1.8 Armour
 - Level 3.0 Dodging
 - Level 2.0 Stealth


You had 4 spell levels left.
You didn't know any spells.
Your spell library was empty.

Dungeon Overview and Level Annotations

Branches:
Dungeon (4/15)
 Temple: D:4-7

Altars:
Elyvilon
Hepliaklqana
Makhleb
Wu Jian


Message History

The orc wizard flickers and vanishes!
The orc shouts!
Something hits you but does no damage.
You hear some strange, mumbled words.
A magic dart appears from out of thin air!
The magic dart hits you. Something barely misses you.
You hear some strange, mumbled words.
A puff of frost appears from out of thin air!
The puff of frost misses you.
There is an open door here.
You hear some strange, mumbled words.
A puff of frost appears from out of thin air!
The puff of frost hits you!
* * * LOW HITPOINT WARNING * * *
You hear some strange, mumbled words.
A puff of frost appears from out of thin air!
The puff of frost hits you!
You die...
Beogh appreciates something's killing of a heretic priest.

+.....#.....####'#####
#.....#.....##....##..
#.....##..............
#.....##..............
#......#.....>........
##......#..........####
#......(#.....o....#
#.......#..o.......#
#.......#....##+####
#.......#....#
##....@##....#
#.....##....#
#.....{'....#
#......#....#
#......#....#
#......#....#
#.....##....#
########....# .....#
....#


There were no monsters in sight!

Vanquished Creatures
  2 adders (D:2)
  An ooze (D:1)
  A worm (D:3)
  3 dart slugs
  2 leopard geckos
  9 orcs
  5 bats
  5 giant cockroaches
  2 goblins
  10 hobgoblins
  11 jackals (D:1)
  2 ball pythons
  2 frilled lizards (D:2)
  8 kobolds
  4 rats
67 creatures vanquished.

Vanquished Creatures (others)
  An orc (D:3)
  A plant (D:3)
2 creatures vanquished.

Grand Total: 69 creatures vanquished

Notes
Turn   | Place    | Note
-------+----------+-------------------------------------------
     0 | D:1      | om the Hill Orc Monk began the quest for the Orb.
     0 | D:1      | Reached XP level 1. HP: 19/19 MP: 1/1
   109 | D:1      | Reached XP level 2. HP: 19/27 MP: 2/2
   648 | D:1      | Reached XP level 3. HP: 33/33 MP: 3/3
  1323 | D:2      | Found a burning altar of Makhleb.
  1492 | D:2      | Found a faded altar of an unknown god.
  1498 | D:2      | Reached skill level 1 in Armour
  1837 | D:2      | Reached skill level 5 in Axes
  1837 | D:2      | Reached XP level 4. HP: 36/40 MP: 4/4
  2831 | D:3      | Became a worshipper of Beogh the Brigand
  2831 | D:3      | Reached * piety under Beogh
  2831 | D:3      | Reached ** piety under Beogh
  2931 | D:3      | Found an ornate altar of the Wu Jian Council.
  2932 | D:3      | Found a white marble altar of Elyvilon.
  2935 | D:3      | Found a hazy altar of Hepliaklqana.
  3446 | D:4      | Reached XP level 5. HP: 46/46 MP: 5/5
  3537 | D:4      | Killed from afar by an orc wizard

Illustrated notes

Levels and vault maps discovered:
D:1:      elethiomel_arrival_infinity_welcomes_careful_drivers, layout_basic
D:2:      layout_loops_corners, chequers_ecumenical_altar_simple_redux,
          bloody_makhleb
D:3:      corexii_shack_village, layout_loops_cross, minitemple,
          kennysheep_potato
D:4:      layout_gridville

Skill      XL: |  1  2  3  4 |
---------------+-------------+-----
Stealth        | 2 |  2.0
Fighting       | 4 |  4.0
Armour         | 1 |  1.8
Axes           | 5 |  5.7
Dodging        | 3 |  3.0

Action                   |  1- 3 |  4- 6 || total
-------------------------+-------+-------++-------
Melee: Hand axe          |   138 |   127 ||   265
Invok: Convert to Beogh  |       |     1 ||     1
  Use: Potion            |       |     1 ||     1
 Stab: Sleeping          |       |     1 ||     1
Armor: Robe              |     2 |       ||     2
       Ring mail         |    48 |    42 ||    90
Dodge: Dodged            |   102 |    80 ||   182

Table legend: (Time is in decaauts)
 A = Elapsed time spent in this place.
 B = Non-inter-level travel time spent in this place.
 C = Inter-level travel time spent in this place.
 D = Time resting spent in this place.
 E = Time spent auto-exploring this place.
 F = Levels seen in this place.
 G = Mean time per level.
                   A        B        C        D        E       F      G
               +--------+--------+--------+--------+--------+-----+--------+
         Total |   3551 |   3386 |    165 |    187 |   2619 |   4 |  887.8 |
       Dungeon |   3551 |   3386 |    165 |    187 |   2619 |   4 |  887.8 |
               +--------+--------+--------+--------+--------+-----+--------+

Top non-repeatable levels by time:
     D:1: 1330 daAuts
     D:3: 1142 daAuts
     D:2: 985 daAuts
     D:4: 93 daAuts
